 Dungeon Crawl Stone Soup version 0.19.1-1-g22dce08 (webtiles) character file.

49 Boing the Sneak (level 3, 0/16 HPs)
             Began as a Spriggan Enchanter on Jan 18, 2017.
             Slain by an adder (5 damage)
             ... on level 2 of the Dungeon.
             The game lasted 00:06:42 (1711 turns).

Boing the Sneak (Spriggan Enchanter)                Turns: 1711, Time: 00:06:43

Health: 0/16       AC:  3    Str:  4    XL:     3   Next: 53%
Magic:  2/8        EV: 18    Int: 17    God:
Gold:   94         SH:  0    Dex: 16    Spells: 3 memorised, 2 levels left

rFire  . . .     SeeInvis +     a - +2 dagger
rCold  . . .     Gourm    .     b - +1 robe
rNeg   . . .     Faith    .     (shield restricted)
rPois  .         Spirit   .     (helmet restricted)
rElec  .         Reflect  .     (no cloak)
rCorr  .         Harm     .     (gloves unavailable)
MR     .....                    (boots unavailable)
Stlth  +++.......               (no amulet)
                                (no ring)
                                (no ring)

@: lethally poisoned (0 -> -8), very slightly contaminated, very quick
A: unfitting armour, see invisible, herbivore 3, speed 3, slow metabolism 2
a: no special abilities


You were on level 2 of the Dungeon.
You were not hungry.

You visited 1 branch of the dungeon, and saw 2 of its levels.

You collected 94 gold pieces.

Inventory:

Hand Weapons
 a - a +2 dagger (weapon)
 j - a +2 spear of venom
Missiles
 h - 12 poisoned needles
Armour
 b - a +1 robe (worn)
Scrolls
 e - 2 scrolls of recharging {unknown}
 l - a scroll of teleportation {unknown}
 m - a scroll of amnesia {unknown}
Potions
 f - a potion of heal wounds
 g - a potion of haste {unknown}
 i - a potion of cancellation {unknown}
 k - a potion of curing {unknown}
Books
 c - a book of Maledictions

   Spells                             Type                      Level
   a - Corona                         Hexes                        1
   b - Ensorcelled Hibernation        Hexes/Ice                    2
   c - Confuse                        Hexes                        3
   d - Tukima's Dance                 Hexes                        3
   e - Dazzling Spray                 Conjuration/Hexes            3
Comestibles
 d - 2 bread rations


   Skills:
 + Level 0.1 Fighting
 + Level 1.9 Short Blades
 + Level 3.2 Dodging
 + Level 4.6 Stealth
 + Level 3.4 Spellcasting
 + Level 4.2 Hexes
 + Level 0.5 Ice Magic


You had 2 spell levels left.
You knew the following spells:

 Your Spells              Type           Power        Failure   Level  Hunger
a - Corona                Hex            ###....      2%          1    None
b - Ensorcelled Hibernat  Hex/Ice        ##....       12%         2    ##.....
d - Tukima's Dance        Hex            ###.....     10%         3    ###....


Dungeon Overview and Level Annotations

Branches:
Dungeon (2/15)

Altars:
Nemelex Xobeh


Innate Abilities, Weirdness & Mutations

You are very small and have problems with some larger weapons.
You are too small for most types of armour.
You have supernaturally acute eyesight. (SInv)
You are a herbivore.
You cover ground extremely quickly.
You need consume almost no food.


Message History

The adder is heavily wounded.
The adder barely misses you.
You miss the adder.
The adder is heavily wounded.
You feel sick. The adder misses you.
You hit the adder.
The adder is severely wounded.
The adder closely misses you. The adder bites you.
You are lethally poisoned!
The adder poisons you!
You completely miss the adder.
The adder is severely wounded.
The adder closely misses you.
You hit the adder.
The adder is severely wounded.
You feel sick. The adder barely misses you.
You barely miss the adder.
The adder is severely wounded.
You feel sick. The adder bites you.
You die...

#.#.#.#. .... .......
...# # ..... ...# #%#
#.#.# ###.#
...####.###.#.# ..#.#
....>......(..##
#.#.#.#####...#
##.#.......
#.#.#.........##
..#.#####. #.#.#
#..@S..##.#.#.# #.
#.#.# #.###.###.#.#.#
#. #.#.####.#
#.........# #.
#..<.....# #####.#.###
## #.....#### #.#)# #
#.....##########.#.#
#.#........(.......#.#
#.........(..........#
###.(...##############


You could see an adder.

Vanquished Creatures
  An adder (D:2)
  An ooze (D:1)
  2 leopard geckos (D:1)
  2 giant cockroaches (D:1)
  3 goblins
  3 hobgoblins (D:1)
  4 jackals (D:1)
  6 kobolds
  4 bats (D:1)
  3 frilled lizards
  4 rats (D:1)
33 creatures vanquished.

Notes
Turn   | Place    | Note
-------+----------+-------------------------------------------
     0 | D:1      | Boing the Spriggan Enchanter began the quest for the Orb.
     0 | D:1      | Reached XP level 1. HP: 9/9 MP: 5/5
   384 | D:1      | Reached XP level 2. HP: 10/13 MP: 0/6
   388 | D:1      | Learned a level 2 spell: Ensorcelled Hibernation
  1088 | D:1      | Reached XP level 3. HP: 16/16 MP: 5/8
  1093 | D:1      | Learned a level 3 spell: Tukima's Dance
  1558 | D:2      | Found a sparkling altar of Nemelex Xobeh.
  1711 | D:2      | Slain by an adder

Skill      XL: |  1  2  3 |
---------------+----------+-----
Spellcasting   | 3 |  3.4
Hexes          | 4 |  4.2
Fighting       | |  0.1
Short Blades   | |  1.9
Dodging        | |  3.2
Stealth        | |  4.6
Ice Magic      | |  0.5

Action                   || total
-------------------------++-------
Melee: Dagger            ||    98
       Spear             ||     6
 Cast: Corona            ||     8
       Ensorcelled Hiber ||    22
  Use: Scroll            ||     3
       Potion            ||     1
 Stab: Sleeping          ||    14
Armor: Robe              ||     9
Dodge: Dodged            ||   104
